 Dungeon Crawl Stone Soup version 0.21-a0-178-g0b87683 (webtiles) character file.

116 namelastname112 the Shooter (level 4, -8/37 HPs)
             Began as a Draconian Wanderer on Aug 9, 2017.
             Killed from afar by a white imp (10 damage)
             ... with a puff of frost
             ... summoned by Natasha
             ... on level 3 of the Dungeon.
             The game lasted 00:02:11 (1736 turns).

namelastname112 the Shooter (Draconian Wanderer)    Turns: 1736, Time: 00:02:12

Health: -8/37      AC:  5    Str: 16    XL:     4   Next: 70%
Magic:  5/5        EV: 12    Int: 14    God:
Gold:   139        SH:  0    Dex: 13    Spells: 5/5 levels left

rFire    . . .     SeeInvis .   p - +0 spear
rCold    . . .     Gourm    .   (no shield)
rNeg     . . .     Faith    .   (armour unavailable)
rPois    .         Spirit   .   (helmet restricted)
rElec    .         Reflect  .   (no cloak)
rCorr    .         Harm     .   (no gloves)
MR       .....                  (no boots)
Stlth    ++........             (no amulet)
HPRegen  0.12/turn              r - +1 ring of slaying
MPRegen  0.09/turn              t - +5 ring of intelligence

@: no status effects
A: unfitting armour, cold-blooded, AC +5
a: no special abilities


You were on level 3 of the Dungeon.
You were hungry.

You visited 1 branch of the dungeon, and saw 3 of its levels.

You collected 139 gold pieces.

Inventory:

Hand Weapons
 a - a +2 shortbow
 p - a +0 spear (weapon)
Missiles
 b - 57 arrows
Jewellery
 r - a +1 ring of slaying (left hand)
 t - a +5 ring of intelligence (right hand)
Wands
 d - a wand of random effects (15/48)
Scrolls
 e - 3 scrolls of identify {unknown}
 i - a scroll of magic mapping {unknown}
 k - 2 scrolls of teleportation {unknown}
 o - a scroll of fear {unknown}
 q - a scroll of amnesia {unknown}
 s - a scroll of random uselessness {unknown}
 u - a scroll of remove curse
Potions
 c - 2 potions of curing
 g - a potion of resistance {unknown}
 h - 2 potions of haste {unknown}
 l - 2 potions of flight {unknown}
 n - a potion of degeneration {unknown}
Comestibles
 f - 6 bread rations
 j - 4 fruits
 m - a royal jelly
 w - 2 meat rations


   Skills:
 + Level 2.9 Fighting
 + Level 0.6 Polearms
 * Level 3.8 Bows
 + Level 1.4 Dodging
 + Level 2.1 Stealth
 - Level 1.0 Spellcasting
   Level 2.0 Air Magic
 - Level 1.0 Evocations


You had 5 spell levels left.
You didn't know any spells.

Dungeon Overview and Level Annotations

Branches:
Dungeon (3/15)

Altars:
Xom

Annotations:
D:3 Natasha


Innate Abilities, Weirdness & Mutations

Your plain brown scales are hard. (AC +5)
You cannot fit into any form of body armour.
You are cold-blooded and may be slowed by cold attacks.


Message History

You closely miss Natasha.
Natasha is severely wounded.
Natasha barely misses you. The white imp gestures at you.
The puff of frost hits you! Natasha claws you but does no damage.
You hit Natasha.
Natasha is almost dead.
You feel yourself speed up. The white imp gestures at you.
The puff of frost misses you. Natasha claws you.
* * * LOW HITPOINT WARNING * * *
The white imp gestures at you. The puff of frost hits you!
* * * LOW HITPOINT WARNING * * *
Natasha casts a spell.
You completely miss Natasha.
Natasha is almost dead.
The white imp gestures at you. The puff of frost hits you!
You die...

#........#......# #.#.#..#
##.#.#.#.#......## #......#
#.#...#.#.......# ##.†#...#
#.##..#.#.......# #.......#
#.......#.......# #.#####.#
#.....#.........# #...#...#
####.##.#.#####.# ###.#.### #.
#.#.......#####...# #.
#.#...@h....?###.## ### #.
#.#.##5#.###.# #.####.. #.
....$.5..###.###.......
........#.>.........###.
########.##..........#.####.##
## .......# ##...#.#...# ##.#
# ######.# ..)^........
#..##### #.# ##....... ###
#...)... #.# #...# #.......


You could see Natasha, a crimson imp and a white imp.

Vanquished Creatures
  5 adders (D:2)
  6 dart slugs
  A worm (D:3)
  3 bats
  2 giant cockroaches
  4 goblins
  5 hobgoblins
  6 jackals (D:2)
  5 kobolds
  A quokka (D:3)
  A ball python (D:3)
  3 frilled lizards
  A quokka zombie (D:3)
  19 rats
62 creatures vanquished.

Notes
Turn   | Place    | Note
-------+----------+-------------------------------------------
     0 | D:1      | namelastname112 the Draconian Wanderer began the quest for the Orb.
     0 | D:1      | namelastname112 set off with: a +2 shortbow, 29 arrows, a potion of curing, a wand of random effects (15/48), a bread ration
     0 | D:1      | Reached XP level 1. HP: 17/17 MP: 2/2
   132 | D:1      | Reached skill level 3 in Bows
   132 | D:1      | Reached XP level 2. HP: 25/25 MP: 3/3
   672 | D:1      | Reached skill level 1 in Dodging
   734 | D:2      | Reached XP level 3. HP: 29/30 MP: 4/4
   912 | D:2      | Found a shimmering altar of Xom.
  1079 | D:2      | Reached XP level 4. HP: 30/37 MP: 5/5
  1715 | D:3      | Noticed Natasha
  1736 | D:3      | Killed from afar by a white imp

Vault maps used:
D:1:      eino_arrival_water_cross, minmay_rat_gold_closets
D:2:      xom_teletrap_fun
D:3:      first_bread, uniq_natasha

Skill      XL: |  1  2  3  4 |
---------------+-------------+-----
Bows           | 3 |  3.8
Dodging        | 1 |  1.4
Stealth        | 2 |  2.1
Fighting       | |  2.9
Polearms       | |  0.6
Spellcasting   | |  1.0
Air Magic      | |  2.0
Evocations     | |  1.0

Action                   |  1- 3 |  4- 6 || total
-------------------------+-------+-------++-------
Melee: Spear             |    24 |   100 ||   124
       Tailslap          |     3 |     9 ||    12
 Fire: Shortbow          |    87 |       ||    87
  Use: Scroll            |     1 |       ||     1
 Stab: Sleeping          |       |     3 ||     3
  Eat: Chunk             |       |     2 ||     2
Armor: Skin              |    20 |    17 ||    37
Dodge: Dodged            |    46 |    49 ||    95
